 Dungeon Crawl Stone Soup version 0.25-a0-647-gd602d06 (webtiles) character file.

Game seed: 8482867377592900285, levelgen mode: deterministic

115385 BlueFish the Imperceptible (level 16, -1/107 HPs)
             Began as an Octopode Assassin on Mar 20, 2020.
             Was the Champion of Dithmenos.
             Slain by a seven-headed hydra (12 damage)
             ... on level 3 of the Swamp on Mar 21, 2020.
             The game lasted 02:29:34 (42753 turns).

BlueFish the Imperceptible (Octopode Assassin)     Turns: 42753, Time: 02:29:34

Health: -1/107     AC:  2    Str: 14    XL:     16   Next: 68%
Magic:  0/16       EV: 33    Int: 15    God:    Dithmenos [******]
Gold:   2886       SH:  0    Dex: 19    Spells: 15/15 levels left

rFire    . . .     SeeInvis .   e - +1 dagger (venom)
rCold    . . .     Gourm    .   (no shield)
rNeg     . . .     Faith    .   (helmet restricted)
rPois    +         Spirit   +   o - amulet of guardian spirit
rElec    .         Reflect  .   x - +6 ring of strength
rCorr    .         Harm     .   l - +5 ring of evasion
MR       ++...     Rnd*Tele +   J - +1 ring of protection
Stlth    ++++++++++             K - ring of protection from magic
HPRegen  0.27/turn              T - +3 ring of evasion
MPRegen  0.15/turn              X - ring of poison resistance
                                (no ring)
                                (no ring)

@: wreathed by umbra
A: almost no armour, stealthy swim, amphibious, 8 rings, constrict 8, camouflage
1, teleportitis 1, weak 1, gelatinous body 1
a: Shadow Step, Shadow Form, Renounce Religion


You were on level 3 of the Swamp.
You worshipped Dithmenos.
Dithmenos was exalted by your worship.
You were very hungry.

You visited 5 branches of the dungeon, and saw 28 of its levels.
You also visited: Volcano.

You collected 3206 gold pieces.
You spent 320 gold pieces at shops.

Inventory:

Hand Weapons
 a - a +2 dagger
 e - a +1 dagger of venom (weapon)
 y - a +1 dagger of speed
Missiles
 b - 54 poisoned darts (quivered)
 c - 13 curare-tipped darts
 n - 7 throwing nets
 V - 40 boomerangs
Jewellery
 l - a +5 ring of evasion (right tentacle)
 o - an amulet of guardian spirit (around mantle)
 r - a cursed amulet of inaccuracy {unknown}
 x - a +6 ring of strength (left tentacle)
 z - an uncursed amulet of regeneration {unknown}
 B - an uncursed amulet of regeneration {unknown}
 J - a +1 ring of protection (on tentacle)
 K - a ring of protection from magic (on tentacle)
 M - a cursed amulet of inaccuracy {unknown}
 T - a +3 ring of evasion (on tentacle)
 X - a ring of poison resistance (on tentacle)
Wands
 h - a wand of enslavement (7)
 L - a wand of disintegration (34)
 R - a wand of digging (5)
Scrolls
 t - 12 scrolls of remove curse
 A - 2 scrolls of magic mapping
 O - 3 scrolls of teleportation
 S - 4 scrolls of enchant armour
 U - a scroll of holy word
 Z - 2 scrolls of vulnerability {unknown}
Potions
 f - 3 potions of haste
 g - 3 potions of flight
 i - 5 potions of invisibility
 j - 8 potions of curing
 k - 7 potions of mutation
 m - 7 potions of lignification
 p - 4 potions of cancellation
 q - 2 potions of stabbing
 u - 3 potions of brilliance
 v - 3 potions of ambrosia
 w - 2 potions of might
 F - a potion of magic
 N - 2 potions of resistance
 P - 4 potions of berserk rage
Comestibles
 d - 44 rations


   Skills:
 + Level 8.9 Fighting
 * Level 12.4 Short Blades
 * Level 10.6 Throwing
 * Level 13.8 Dodging
 * Level 23.9 Stealth


You had 15 spell levels left.
You didn't know any spells.
Your spell library contained the following spells:

 Spells                   Type           Power        Failure   Level  Hunger
 Apportation              Tloc           #.....       26%         1    ##.....
 Magic Dart               Conj           #...         26%         1    ##.....
 Shock                    Conj/Air       #...         26%         1    ##.....
 Sting                    Tmut/Pois      #...         26%         1    ##.....
 Summon Butterflies       Summ           #.......     26%         1    ##.....
 Blink                    Tloc           N/A          38%         2    ###....
 Call Imp                 Summ           #.......     38%         2    ###....
 Poisonous Vapours        Pois/Air       #.....       38%         2    ###....
 Searing Ray              Conj           #.....       38%         2    ###....
 Slow                     Hex            #.......     38%         2    ###....
 Swiftness                Chrm/Air       #.......     38%         2    ###....
 Confusing Touch          Hex            #.......     63%         3    ####...
 Conjure Flame            Conj/Fire      #.......     63%         3    ####...
 Dazzling Flash           Conj/Hex       #.....       63%         3    ####...
 Gell's Gravitas          Tloc           #.........   63%         3    ####...
 Ignite Poison            Fire/Tmut/Pois #.......     63%         3    ####...
 Lesser Beckoning         Tloc           #.........   63%         3    ####...
 Mephitic Cloud           Conj/Pois/Air  #.......     63%         3    ####...
 Static Discharge         Conj/Air       #.......     63%         3    ####...
 Tukima's Dance           Hex            #.......     63%         3    ####...
 Airstrike                Air            #.........   95%         4    #####..
 Fulminant Prism          Conj/Hex       #.........   95%         4    #####..
 Iskenderun's Mystic Bla  Conj/Tloc      #.......     95%         4    #####..
 Olgreb's Toxic Radiance  Pois           #.......     95%         4    #####..
 Petrify                  Tmut/Erth      #.......     95%         4    #####..
 Alistair's Intoxication  Tmut/Pois      #.......     100%        5    ######.
 Lightning Bolt           Conj/Air       #.........   100%        5    ######.
 Metabolic Englaciation   Hex/Ice        #.........   100%        5    ######.
 Yara's Violent Unravell  Hex/Tmut       #.........   100%        5    ######.
 Invisibility             Hex            #.......     100%        6    #######
 Ignition                 Fire           #.........   100%        8    #######
 Shatter                  Erth           #.........   100%        9    #######
 Tornado                  Air            #.........   100%        9    #######


Dungeon Overview and Level Annotations

Branches:
Dungeon (15/15)            Temple (1/1) D:6            Lair (6/6) D:10
  Swamp (4/4) Lair:3       Spider (0/4) Lair:3        Slime (0/5) Lair:5
    Orc (2/2) D:9             Elf (0/3) Orc:2        Vaults (0/5) D:13
 Depths (0/5) D:15        Volcano (visited)

Altars:
Ashenzari
Cheibriados
Dithmenos
Elyvilon
Fedhas
Gozag
Hepliaklqana
Kikubaaqudgha
Makhleb
Nemelex Xobeh
Okawaru
Qazlal
Ru
Sif Muna
Trog
Uskayaw
Vehumet
Wu Jian
Xom
Yredelemnul
Zin
The Shining One
Beogh
Jiyva

Shops:
D:8 (   Orc:2 *[}(=

Annotations:
D:8 exclusion: obsidian statue
D:11 3 runed translucent doors, Raizusai's ghost, journeyman DrCj
Lair:3 3 runed translucent doors, popps's ghost, journeyman DsBe
Lair:4 1 runed translucent door, robertstho's ghost, journeyman TrFi
Swamp:3 Roxanne
Swamp:4 Louise; Nikola


Innate Abilities, Weirdness & Mutations

You cannot wear most types of armour.
You are very stealthy in the water. (Stealth+)
You are amphibious.
You can wear up to eight rings at the same time.
You can use your tentacles to constrict eight enemies at once.
Your skin changes colour to match your surroundings (Stealth+).
Your rubbery body absorbs attacks. (AC +1, EV +1)
You are occasionally teleported next to monsters.
You are weak. (Str -2)


Message History

You hit the seven-headed hydra.
The seven-headed hydra is severely wounded.
The seven-headed hydra barely misses you.
The seven-headed hydra bites you!
* * * LOW HITPOINT WARNING * * *
The seven-headed hydra barely misses you.
The seven-headed hydra closely misses you.
The seven-headed hydra completely misses you. x2
The seven-headed hydra bites you!
* * * LOW HITPOINT WARNING * * *
You hit the seven-headed hydra but do no damage.
The seven-headed hydra is severely wounded.
Okay, then.
The seven-headed hydra completely misses you. x2
The seven-headed hydra barely misses you.
The seven-headed hydra bites you.
* * * LOW HITPOINT WARNING * * *
The seven-headed hydra completely misses you.
The seven-headed hydra bites you!
You die...

♣..≈≈≈≈...♣♣.≈≈≈≈♣♣♣
♣♣.≈≈≈...≈♣♣♣...≈..♣
♣≈≈≈.♣♣♣♣♣ ♣♣♣≈.≈≈♣♣
♣§§§§♣ ♣♣♣♣.≈≈.♣
♣§§§§♣♣♣ ♣♣♣≈♣♣≈.≈≈♣♣
♣§§§.§≈♣♣♣.....≈.≈≈≈♣
♣.≈§≈§.≈♣♣.≈.≈...≈≈≈.
♣..≈D≈.≈♣♣...≈..≈≈≈≈≈
♣≈..@≈..♣♣♣..≈≈.≈≈≈..
♣♣..≈>..♣♣♣♣...≈...[.
♣≈≈§.≈.≈♣♣♣§§♣♣♣♣♣♣♣
♣.§≈≈.≈≈..≈≈§§§§≈♣§.
♣♣.≈≈..≈≈..≈♣§§§..♣.
♣.≈...≈≈≈≈≈§§§§.♣♣♣
♣♣≈≈≈..≈≈≈≈≈§§§§≈.♣
♣..≈≈♣≈.≈≈≈§≈§§≈≈.♣
♣.≈≈≈≈.≈.≈≈§≈≈..§♣♣


You could see a seven-headed hydra.

Vanquished Creatures
  A very ugly thing (Swamp:1)
  2 fire dragons (D:15)
  5 ogre magi
  Harold (Lair:2)
  8 vault guards
  7 hydras
  A shambling mangrove (Swamp:1)
  3 centaur warriors (D:14)
  10 alligators
  5 tengu warriors
  22 two-headed ogres
  An orc high priest (Orc:1)
  Urug (Lair:2)
  2 skeletal warriors (Volcano)
  5 unseen horrors
  6 swamp dragons
  An orc knight (D:8)
  Pikel (D:7)
  A wolf spider (D:15)
  3 deep elf magi
  4 orc sorcerers
  2 cyclopes
  2 manticores (D:15)
  A centaur zombie (D:14)
  5 black mambas
  A centaur skeleton (D:11)
  5 gargoyles (Volcano)
  A torpor snail (Lair:3)
  26 spiny frogs
  2 rime drakes
  4 komodo dragons
  3 kobold demonologists
  A yaktaur (D:15)
  A tengu conjurer (D:15)
  A freezing wraith (D:14)
  7 polar bears
  4 harpy skeletons
  5 trolls
  A merfolk (D:11)
  13 tyrant leeches
  3 hornets
  12 slime creatures
  8 bog bodies
  26 blink frogs
  Grinder (D:6)
  8 hippogriffs
  3 flying skulls (Volcano)
  A spriggan (Swamp:2)
  4 vampires
  4 shadows
  4 alligator skeletons (Volcano)
  4 wyverns
  A human (D:11)
  2 wraiths
  21 yaks
  2 basilisks
  2 hungry ghosts (D:9)
  31 vampire mosquitoes
  8 swamp worms
  5 insubstantial wisps (Swamp:2)
  An acid dragon (D:15)
  3 soldier ants
  10 water moccasins
  17 orc warriors
  8 ice beasts
  4 porcupines
  4 swamp drakes
  5 sky beasts
  2 black bears
  A phantom (D:9)
  2 necrophages
  35 ogres
  4 boggarts (Lair:4)
  10 wolves
  12 crocodiles
  9 big kobolds
  33 bullfrogs
  2 wyvern zombies
  2 scorpions
  2 troll zombies (D:9)
  9 killer bees
  4 wights (D:7)
  2 howler monkeys (D:10)
  A spriggan skeleton (Volcano)
  9 electric eels
  A quasit (D:11)
  10 crimson imps
  2 bullfrog zombies (D:8)
  19 orc priests
  11 hounds
  4 jellies
  19 orc wizards
  A bullfrog skeleton (D:5)
  5 iguanas
  11 worker ants
  6 ogre zombies (D:9)
  3 naga skeletons (Volcano)
  A howler monkey zombie (D:5)
  A mummy (D:5)
  4 gnolls
  12 adders
  2 shadow imps
  4 worms
  A dart slug (D:3)
  9 leopard geckos
  92 orcs
  8 giant cockroaches
  6 goblins
  5 hobgoblins
  17 jackals
  5 quokkas
  2 ball pythons
  6 bats
  4 frilled lizards
  A giant cockroach zombie (D:5)
  3 goblin skeletons (D:9)
  5 goblin zombies (D:9)
  4 hobgoblin skeletons (D:9)
  2 hobgoblin zombies (D:9)
  A jackal zombie (D:5)
  28 kobolds
  3 orc skeletons (D:9)
  8 orc zombies (D:9)
  A quokka skeleton (D:6)
  8 rats
851 creatures vanquished.

Vanquished Creatures (others)
  A komodo dragon (Swamp:1)
  29 fungi
  40 plants
70 creatures vanquished.

Grand Total: 921 creatures vanquished

Notes
Turn   | Place    | Note
-------+----------+-------------------------------------------
     0 | D:1      | BlueFish the Octopode Assassin began the quest for the Orb.
     0 | D:1      | Reached XP level 1. HP: 14/14 MP: 1/1
    85 | D:1      | Reached XP level 2. HP: 11/19 MP: 2/2
   763 | D:2      | Reached skill level 6 in Stealth
   763 | D:2      | Reached XP level 3. HP: 24/24 MP: 3/3
   960 | D:2      | Reached XP level 4. HP: 28/29 MP: 4/4
  1059 | D:2      | Found a bloodstained altar of Trog.
  1718 | D:3      | Reached skill level 7 in Stealth
  1834 | D:3      | Reached XP level 5. HP: 34/34 MP: 5/5
  3326 | D:5      | Entered Level 5 of the Dungeon
  3367 | D:5      | Reached skill level 8 in Stealth
  3367 | D:5      | Reached XP level 6. HP: 40/40 MP: 6/6
  3686 | D:5      | Reached skill level 9 in Stealth
  3686 | D:5      | Reached XP level 7. HP: 45/45 MP: 7/7
  3764 | D:5      | Found a snail-covered altar of Cheibriados.
  4163 | D:6      | Noticed Grinder
  4173 | D:6      | Found a staircase to the Ecumenical Temple.
  4192 | D:6      | Killed Grinder
  4192 | D:6      | Reached skill level 5 in Short Blades
  4192 | D:6      | Reached skill level 10 in Stealth
  4192 | D:6      | Reached XP level 8. HP: 31/51 MP: 5/8
  4212 | Temple   | Entered the Ecumenical Temple
  4351 | Temple   | Became a worshipper of Dithmenos the Shadowed
  5251 | D:7      | Reached * piety under Dithmenos
  5603 | D:7      | Noticed Pikel
  5617 | D:7      | Killed Pikel
  5617 | D:7      | Reached skill level 11 in Stealth
  5617 | D:7      | Reached XP level 9. HP: 33/57 MP: 5/9
  6034 | D:8      | Noticed an obsidian statue
  6067 | D:8      | Reached skill level 12 in Stealth
  6247 | D:8      | Found Nuoddico's Antique Weapon Boutique.
  7039 | D:9      | Reached ** piety under Dithmenos
  7196 | D:9      | Found a staircase to the Orcish Mines.
  7333 | D:9      | Reached skill level 5 in Dodging
  7333 | D:9      | Reached XP level 10. HP: 56/63 MP: 7/10
  7353 | D:9      | Reached skill level 13 in Stealth
  7682 | D:9      | Reached skill level 5 in Throwing
  8108 | D:9      | Reached *** piety under Dithmenos
  8180 | D:10     | Entered Level 10 of the Dungeon
  8572 | D:10     | HP: 3/63 [troll (9)]
  9480 | D:10     | Reached skill level 14 in Stealth
  9707 | D:10     | Found a staircase to the Lair.
 10656 | D:10     | Reached **** piety under Dithmenos
 10656 | D:10     | Reached XP level 11. HP: 46/70 MP: 9/11
 11427 | D:11     | Found a runed translucent gate.
 11427 | D:11     | Found a runed translucent gate.
 11436 | D:11     | Reached skill level 5 in Fighting
 11461 | D:11     | Found a runed translucent gate.
 11466 | D:11     | Noticed Raizusai's ghost (journeyman DrCj)
 11467 | D:11     | Found a roughly hewn altar of Beogh.
 11467 | D:11     | Identified the +7 scimitar of Ashenzari's Scorn {vorpal,
                  | *Drain +Fly Dex+3}
 11467 | D:11     | Identified the +7 plate armour of Immorality {rN++ Str-2}
 11559 | D:11     | Noticed a deep elf mage
 11593 | D:11     | Reached skill level 15 in Stealth
 11629 | D:11     | Killed a deep elf mage
 13203 | D:12     | Noticed a two-headed ogre
 13250 | D:11     | Killed a two-headed ogre
 13263 | D:11     | Killed an unseen horror
 13673 | D:12     | Reached skill level 16 in Stealth
 13909 | D:12     | Noticed a cyclops
 14137 | D:12     | Killed a cyclops
 14532 | D:13     | Noticed a vault guard
 14532 | D:13     | Noticed a vault guard
 14532 | D:13     | Noticed a vault guard
 14532 | D:13     | Noticed a vault guard
 14532 | D:13     | Noticed a vault guard
 14620 | Lair:1   | Entered Level 1 of the Lair of Beasts
 14947 | Lair:1   | Reached XP level 12. HP: 77/77 MP: 12/12
 16009 | Lair:2   | Noticed Urug
 16036 | Lair:2   | Killed Urug
 16217 | Lair:2   | Reached skill level 10 in Short Blades
 16263 | Lair:2   | Reached ***** piety under Dithmenos
 16280 | Lair:2   | Reached skill level 17 in Stealth
 16507 | Lair:2   | Noticed Harold
 16609 | Lair:2   | Killed Harold
 17141 | Lair:3   | Found a runed translucent gate.
 17143 | Lair:3   | Found a runed translucent gate.
 17143 | Lair:3   | Noticed a ten-headed hydra
 17144 | Lair:3   | Found a runed translucent gate.
 17144 | Lair:3   | Noticed a 12-headed hydra
 17144 | Lair:3   | Noticed popps's ghost (journeyman DsBe)
 17403 | Lair:3   | Found a hole to the Spider Nest.
 17427 | Lair:3   | Found a staircase to the Swamp.
 17768 | Lair:3   | Noticed a seven-headed hydra
 17775 | Lair:3   | Killed a seven-headed hydra
 18580 | Lair:4   | Found a shadowy altar of Dithmenos.
 18590 | Lair:4   | Noticed an eight-headed hydra
 18599 | Lair:4   | Reached skill level 18 in Stealth
 18599 | Lair:4   | Reached XP level 13. HP: 84/84 MP: 13/13
 18654 | Lair:4   | Found a runed translucent door.
 18655 | Lair:4   | Noticed robertstho's ghost (journeyman TrFi)
 19039 | Lair:4   | Reached skill level 10 in Dodging
 19937 | Lair:5   | Found a viscous altar of Jiyva.
 19937 | Lair:5   | Found a staircase to the Slime Pits.
 19985 | Lair:5   | Paralysed by a hornet for 3 turns
 19986 | Lair:5   | Reached skill level 19 in Stealth
 19989 | Lair:5   | Upgraded the game from 0.25-a0-632-g7713895 to
                  | 0.25-a0-635-g0c6c292
 20676 | Lair:6   | Entered Level 6 of the Lair of Beasts
 20801 | Lair:6   | Found a dark tunnel.
 20834 | Volcano  | Entered a volcano
 21752 | Volcano  | Reached ****** piety under Dithmenos
 21900 | Lair:6   | Reached skill level 20 in Stealth
 22266 | Lair:6   | Reached XP level 14. HP: 76/90 MP: 12/14
 25089 | Orc:1    | Entered Level 1 of the Orcish Mines
 27252 | Orc:2    | Entered Level 2 of the Orcish Mines
 27299 | Orc:2    | Gained mutation: You are weak. (Str -2) [a neqoxec]
 27302 | Orc:2    | Gained mutation: You are occasionally teleported next to
                  | monsters. [a neqoxec]
 27449 | Orc:2    | Found Veesifaam's General Store.
 27603 | Orc:1    | Reached skill level 21 in Stealth
 27823 | Orc:2    | Found Watt's Gadget Emporium.
 27823 | Orc:2    | Found Aschaoty's Jewellery Shop.
 27823 | Orc:2    | Found Kuecu's Armour Boutique.
 27823 | Orc:2    | Found Soecrod's Antique Weapon Emporium.
 29317 | Orc:2    | Found a staircase to the Elven Halls.
 29321 | Orc:2    | Found a roughly hewn altar of Beogh.
 30521 | Orc:2    | Reached XP level 15. HP: 99/99 MP: 15/15
 31124 | Orc:2    | Bought an uncursed ring of poison resistance for 320 gold
                  | pieces
 31732 | D:13     | Found a gate to the Vaults.
 32531 | D:13     | You fall into a shaft and drop 1 floor!
 33241 | D:13     | Reached skill level 22 in Stealth
 34321 | D:14     | Reached skill level 10 in Throwing
 34989 | D:15     | Entered Level 15 of the Dungeon
 37511 | D:15     | Found a staircase to the Depths.
 37747 | D:15     | Reached XP level 16. HP: 97/106 MP: 13/16
 38265 | Swamp:1  | Entered Level 1 of the Swamp
 38432 | Swamp:1  | Reached skill level 23 in Stealth
 41690 | Swamp:3  | Noticed Roxanne
 41773 | Swamp:3  | Upgraded the game from 0.25-a0-635-g0c6c292 to
                  | 0.25-a0-647-gd602d06
 42126 | Swamp:4  | Entered Level 4 of the Swamp
 42126 | Swamp:4  | Noticed Nikola
 42148 | Swamp:4  | Noticed Louise
 42213 | Swamp:4  | Noticed a thorn hunter
 42400 | Swamp:3  | HP: 5/107 [alligator[a spriggan druid] (24)]
 42753 | Swamp:3  | Slain by a seven-headed hydra

Levels and vault maps discovered:
D:1:      minmay_arrival_up_and_down, layout_basic
D:2:      layout_loops_cross, bloody_trog, minmay_pentomino_p2
D:3:      layout_basic, minmay_hedge_maze
D:4:      layout_cave_pods
D:5:      layout_basic, slow_altar_2, first_ration
D:6:      layout_basic, minmay_temple_entry_overgrown, serial_park_tiny_pond,
          chequers_avenue, uniq_grinder
D:7:      layout_rooms, uniq_pikel
D:8:      minmay_separated_statues, layout_loops_corners, serial_shops,
          shop_statue
D:9:      layout_rooms, zombieorc2_lemuel
D:10:     layout_basic, erik_lair_island
D:11:     layout_long_grid, biasface_ghost_orc_armoury, hangedman_stone_soup
D:12:     layout_gridville
D:13:     layout_stronghold, erik_vaults_2
D:14:     layout_small_grid, enter_bailey_2
D:15:     grunt_enter_depths_hoard, layout_basic, grunt_decor_one_mirror
Temple:   regret_index_temple_chain_breaker
Lair:1:   layout_chaotic_city
Lair:2:   layout_roguey, serial_bayou_shore_a, uniq_urug, uniq_harold
Lair:3:   layout_cave_pods, minmay_swamp_entry_eels,
          spider_nest_entry_web_field, gammafunk_ghost_hydra_chop
Lair:4:   layout_loops_ring, hellmonk_ghost_happy_afterlife, basic_altar,
          kilobyte_rumbling_trees, lemuel_fruit_fields
Lair:5:   layout_small_grid, dpeg_slime_entry_enclosed_altar, minivault_27,
          pond, lemuel_fruit_tree
Lair:6:   minmay_lair_end_frog_pond, layout_layer_cave,
          nicolae_volcano_entry_s_turn, chequers_serial_rivers_micro_a
Swamp:1:  layout_basic_swamp, infiniplex_staircase_pool
Swamp:2:  layout_falls_marsh, nicolae_swamp_trees_clearing, swamp_pool1
Swamp:3:  layout_basic_swamp, evilmike_swamp_ruin_rubble_2, uniq_roxanne
Swamp:4:  swamp, layout_basic_swamp, uniq_louise, uniq_nikola
Orc:1:    layout_caves
Orc:2:    st_orc_ogre_mass, layout_caves, serial_shops, shop, mines2_david

Skill      XL: |  1  2  3  4  5  6  7  8  9 10 11 12 13 14 15 16 |
---------------+-------------------------------------------------+-----
Stealth        | 6 7 8 9 10 11 12 14 16 18 20 21 22 23 | 23.9
Short Blades   | 3 4 5 6 7 8 9 10 11 12 | 12.4
Dodging        | 2 4 5 6 8 9 10 11 13 | 13.8
Throwing       | 3 4 5 6 7 8 9 10 | 10.6
Fighting       | 3 4 5 6 7 8 |  8.9

Action                   |  1- 3 |  4- 6 |  7- 9 | 10-12 | 13-15 | 16-18 || total
-------------------------+-------+-------+-------+-------+-------+-------++-------
Melee: Dagger            |    38 |   118 |   340 |   872 |  2452 |   584 ||  4404
       Constrict         |     4 |    31 |    76 |    74 |   182 |    23 ||   390
       Tentacles         |     1 |    21 |    94 |   267 |   806 |   158 ||  1347
       Short sword       |       |     1 |       |       |       |       ||     1
Throw: Dart              |       |       |       |     2 |     1 |       ||     3
Evoke: Wand              |       |       |       |       |       |     4 ||     4
  Use: Scroll            |     2 |     4 |     7 |    11 |     9 |     7 ||    40
       Potion            |       |     2 |       |     2 |     5 |       ||     9
 Stab: Sleeping          |    14 |    21 |    16 |    48 |    96 |    46 ||   241
       Distracted        |       |     1 |     1 |    12 |    14 |    10 ||    38
       Confused          |       |       |       |       |       |     3 ||     3
  Eat: Chunk             |       |     9 |    12 |    26 |    48 |     8 ||   103
       Ration            |       |       |       |     3 |     4 |     2 ||     9
Armor: Skin              |     4 |     8 |     7 |    12 |    23 |     7 ||    61
Dodge: Dodged            |    13 |    50 |   172 |   565 |  1706 |   500 ||  3006

Table legend:
 A = Non-vault XP
 B = Vault XP
 C = Vault XP percentage of total XP
 D = Non-vault monster count
 E = Vault monster count
 F = Vault count percentage of total count
                 A         B        C        D         E       F
            +---------+---------+-------+---------+---------+-------
      Total |  107668 |   57169 |  34.7 |     650 |     201 |  23.6
            +---------+---------+-------+---------+---------+-------
        D:1 |      26 |       0 |   0.0 |      16 |       0 |   0.0
        D:2 |      82 |       2 |   2.4 |      16 |       2 |  11.1
        D:3 |     104 |       0 |   0.0 |      35 |       0 |   0.0
        D:4 |      99 |       0 |   0.0 |       8 |       0 |   0.0
        D:5 |     702 |      18 |   2.5 |      31 |       1 |   3.1
        D:6 |     537 |     254 |  32.1 |      18 |       1 |   5.3
        D:7 |     795 |     593 |  42.7 |      28 |       1 |   3.4
        D:8 |    1566 |       0 |   0.0 |      19 |       0 |   0.0
        D:9 |    2227 |    3684 |  62.3 |      36 |      41 |  53.2
       D:10 |    3354 |     908 |  21.3 |      49 |       8 |  14.0
       D:11 |    4429 |    2094 |  32.1 |      21 |       5 |  19.2
       D:12 |    2862 |     997 |  25.8 |      15 |       1 |   6.2
       D:13 |    5079 |    5967 |  54.0 |      40 |       6 |  13.0
       D:14 |   12365 |       0 |   0.0 |      39 |       0 |   0.0
       D:15 |   13321 |    2103 |  13.6 |      42 |       2 |   4.5
     Lair:1 |    2275 |       0 |   0.0 |      10 |       0 |   0.0
     Lair:2 |    3904 |    1827 |  31.9 |      20 |       2 |   9.1
     Lair:3 |    5734 |     214 |   3.6 |      21 |       4 |  16.0
     Lair:4 |    6212 |    1173 |  15.9 |      20 |       7 |  25.9
     Lair:5 |    3951 |    1092 |  21.7 |      14 |       6 |  30.0
     Lair:6 |    1685 |   12030 |  87.7 |       7 |      45 |  86.5
    Swamp:1 |   13680 |       0 |   0.0 |      38 |       0 |   0.0
    Swamp:2 |   13318 |       0 |   0.0 |      31 |       0 |   0.0
    Swamp:3 |    1406 |       0 |   0.0 |       5 |       0 |   0.0
    Swamp:4 |    2068 |    2134 |  50.8 |       9 |       3 |  25.0
      Orc:1 |    2584 |    7291 |  73.8 |      41 |      15 |  26.8
      Orc:2 |    3303 |    9074 |  73.3 |      21 |      30 |  58.8
    Volcano |       0 |    5714 | 100.0 |       0 |      21 | 100.0
            +---------+---------+-------+---------+---------+-------
